AoeStats
← Marianob04

Arabia

510633575Analyzed
4v4 RM · 1d ago on Oct 1, 2026· 63m 53s· 8 players
Game mode
Random Map
Map size
Large (8 player)
Population
200
Speed
Normal
Resources
Standard
Victory
Conquest
Starting age
Dark Age
Ending age
Imperial Age
RankedLock teamsTeams togetherTeam positionsShared explorationLock speedFull tech treeHidden civsTurbo modeCheats
Victory
Defeat
🇫🇷 Teutons · France
1084
+14
🇵🇱 Mongols · Poland
1082
+14
🇨🇳 Sicilians · China
1069
+15
🇬🇧 Japanese · United Kingdom
1061
+15
🇧🇷 Inca · Brazil
1086
-16
🇦🇷 Vietnamese · Argentina
1060
-15
🇬🇧 Jurchens · United Kingdom
1026
-14
1014
-13
king vitt
0:29 Loom
43:27 Feudal Age
44:39 Horse Collar
46:40 Wheelbarrow
46:11 Double-Bit Axe
Yogensya7784
7:55 Loom
10:09 Feudal Age
11:44 Man-at-Arms
19:52 Castle Age
19:55 Long Swordsman
21:16 Forging
21:20 Stone Mining
21:46 Gambesons
22:05 Squires
21:51 Arson
23:53 Wheelbarrow
25:41 Scale Mail Armor
32:10 Chain Mail Armor
32:31 Iron Casting
54:59 Imperial Age
52:35 Yasama
52:59 Double-Bit Axe
58:36 Elite Samurai
59:37 Conscription
59:56 Plate Mail Armor
60:26 Blast Furnace
Mirshal
3:13 Loom
10:19 Feudal Age
12:55 Double-Bit Axe
14:44 Bloodlines
16:15 Scale Barding Armor
17:32 Horse Collar
19:15 Forging
21:59 Wheelbarrow
31:30 Castle Age
31:04 Gold Mining
32:34 Chain Barding Armor
32:50 Iron Casting
33:01 Bow Saw
35:26 Hand Cart
38:21 Scale Mail Armor
38:11 Pikeman
38:52 Squires
38:38 Arson
43:16 Heavy Plow
45:01 Chain Mail Armor
51:28 Imperial Age
52:54 Plate Mail Armor
53:25 Blast Furnace
51:47 Halberdier
53:30 Plate Barding Armor
53:08 Cavalier
55:26 Two-Man Saw
54:57 Crop Rotation
58:36 Paladin
odoaker2
10:19 Feudal Age
9:26 Loom
14:38 Double-Bit Axe
15:58 Horse Collar
17:40 Gold Mining
21:57 Castle Age
20:41 Fletching
22:02 Padded Archer Armor
23:33 Stone Mining
25:36 Bow Saw
27:00 Forging
31:58 Heavy Plow
34:26 Bodkin Arrow
35:00 Leather Archer Armor
37:11 Wheelbarrow
36:22 Town Watch
40:00 Gold Shaft Mining
40:03 Stone Shaft Mining
39:54 Ballistics
39:46 Masonry
39:59 Thumb Ring
40:19 Scale Barding Armor
40:50 Iron Casting
41:28 Hand Cart
45:18 Imperial Age
44:00 Light Cavalry
44:50 Bloodlines
44:40 Husbandry
46:26 Elite Mangudai
47:42 Hoardings
47:28 Conscription
48:19 Chemistry
47:15 Murder Holes
47:31 Fortified Wall
47:16 Hussar
48:00 Bracer
48:13 Capped Ram
55:31 Caravan
57:23 Siege Engineers
61:18 Blast Furnace
60:39 Chain Barding Armor
FeHZappa
4:14 Loom
11:13 Feudal Age
25:06 Double-Bit Axe
25:04 Horse Collar
27:30 Gold Mining
40:00 Castle Age
38:01 Stone Mining
42:05 Wheelbarrow
44:07 Scale Mail Armor
44:13 Champi Runner
44:54 Squires
45:08 Forging
45:19 Chain Mail Armor
45:03 Champi Warrior
47:47 Iron Casting
59:07 Town Watch
59:38 Hand Cart
Marianob04
7:10 Loom
9:50 Feudal Age
10:39 Man-at-Arms
16:58 Double-Bit Axe
17:56 Fletching
21:26 Padded Archer Armor
25:14 Castle Age
45:40 Wheelbarrow
46:40 Bow Saw
46:19 Horse Collar
47:25 Leather Archer Armor
46:35 Elite Skirmisher
49:08 Town Watch
49:29 Bodkin Arrow
50:05 Ballistics
50:40 Gold Mining
House of Bebu
5:16 Loom
12:06 Feudal Age
14:32 Double-Bit Axe
15:12 Horse Collar
18:54 Castle Age
17:39 Forging
17:30 Scale Mail Armor
17:02 Man-at-Arms
18:18 Arson
21:02 Bow Saw
21:40 Scale Barding Armor
21:55 Heavy Plow
24:19 Chain Barding Armor
27:45 Iron Casting
27:27 Bloodlines
27:44 Husbandry
30:15 Gold Mining
39:24 Gold Shaft Mining
44:02 Imperial Age
42:07 Wheelbarrow
41:18 Town Watch
44:19 Elite Steppe Lancer
Carlos Salinas de Gortari
11:06 Feudal Age
12:35 Wheelbarrow
11:42 Horse Collar
12:40 Double-Bit Axe
15:12 Stone Mining
15:41 Loom
17:08 Fletching
20:55 Castle Age
21:52 Hand Cart
21:49 Bow Saw
21:41 Heavy Plow
38:13 Imperial Age
37:17 Fortified Wall
40:01 Chemistry
39:06 Siege Engineers
39:58 Heavy Scorpion
Connection lost

Rejoining the realm…

Still unreachable

The connection could not be restored.

Session expired

The server has moved on; the page needs a fresh start.